 Dungeon Crawl Stone Soup version 0.26.0-10-g1f06aea511 (webtiles) character file.

Game seed: 17726807323917684625

170 night the Insei (level 5, -7/42 HPs)
             Began as a Demonspawn Monk on Jan 23, 2021.
             Mangled by an orc warrior
             ... wielding a +0 short sword
              (9 damage)
             ... on level 5 of the Dungeon.
             The game lasted 00:04:56 (1695 turns).

night the Insei (Demonspawn Monk)                   Turns: 1695, Time: 00:04:57

Health: -7/42      AC:  6    Str: 11 (12) XL:     5   Next: 25%
Magic:  5/5        EV: 10    Int: 10 (11) God:
Gold:   99         SH:  0    Dex: 14 (16) Spells: 4/4 levels left

rFire    . . .     SeeInvis .     - Unarmed
rCold    . . .     Faith    .   (no shield)
rNeg     . . .     Spirit   .   g - +0 scale mail
rPois    +         Reflect  .   (no helmet)
rElec    .         Harm     .   (no cloak)
rCorr    .         Rampage  .   (no gloves)
Will     .....                  (no boots)
Stlth    +.........             (no amulet)
HPRegen  0.14/turn              c - ring of poison resistance
MPRegen  0.09/turn              (no ring)

@: no status effects
A: claws 1, demonic guardian 1, spiny 1, sturdy frame 1
a: no special abilities


You were on level 5 of the Dungeon.
You visited 1 branch of the dungeon, and saw 4 of its levels.

You collected 99 gold pieces.

Inventory:

Hand Weapons
 b - a +1 hunting sling of flaming
Missiles
 d - 16 poisoned darts (quivered)
 m - 5 stones
Armour
 a - a +0 robe
 g - a +0 scale mail (worn)
Jewellery
 c - a ring of poison resistance (left claw)
Scrolls
 e - 4 scrolls of identify {unknown}
 f - a scroll of remove curse {unknown}
 h - 2 scrolls of random uselessness {unknown}
 j - 2 scrolls of enchant weapon {unknown}
 l - 2 scrolls of teleportation {unknown}


   Skills:
 + Level 4.2 Fighting
 - Level 2.6 Dodging
 - Level 1.7 Stealth
 * Level 4.7 Unarmed Combat


You had 4 spell levels left.
You didn't know any spells.
Your spell library was empty.

Dungeon Overview and Level Annotations

Branches:
Dungeon (5/15)
 Temple: D:4-7

Altars:

Annotations:
D:4 Dowan, Duvessa


Innate Abilities, Weirdness & Mutations

You have sharp fingernails.
A weak demonic guardian rushes to your aid.
You are partially covered in sharp spines.
Your movements are slightly less encumbered by armour. (ER -2)


Message History

The orc priest is struck by your spines.
The orc priest hits you but does no damage.
The orc priest hits your quasit with a cursed +0 hand axe.
The orc warrior hits you with a +0 short sword.
You scratch the orc priest but do no damage.
The orc priest is moderately wounded.
Your quasit closely misses the orc warrior.
Your quasit barely misses the orc warrior. x2
The orc warrior hits you with a +0 short sword!!
The orc priest calls down the wrath of Beogh upon you.
Pain shoots through your body!
* * * LOW HITPOINT WARNING * * *
You closely miss the orc priest.
The orc priest is moderately wounded.
Your quasit misses the orc warrior.
Your quasit barely misses the orc warrior.
Your quasit misses the orc warrior.
The orc warrior is struck by your spines.
The orc warrior hits you with a +0 short sword!
You die...

.. .. # # ####
##...# #....#
#....# #@5..#
##oo..#
#########.....#
##..o..........#
##...#####......#
#####...##
###....#
.......## #...##
.....<.# #....#
#####..## #......


You could see an orc warrior, an orc priest and a friendly quasit (summoned).

Vanquished Creatures
  A howler monkey (D:5)
  An orc wizard (D:5)
  2 adders (D:2)
  A shadow imp (D:4)
  An adder skeleton (D:2)
  A worm (D:4)
  A dart slug (D:1)
  3 leopard geckos
  4 bats (D:1)
  A giant cockroach (D:1)
  6 goblins (D:1)
  3 hobgoblins
  10 jackals (D:1)
  3 kobolds (D:1)
  5 frilled lizards
  A leopard gecko skeleton (D:5)
  3 rats (D:1)
47 creatures vanquished.

Vanquished Creatures (collateral kills)
  A scorpion (D:5)
  An orc (D:5)
2 creatures vanquished.

Grand Total: 49 creatures vanquished

Notes
Turn   | Place    | Note
-------+----------+-------------------------------------------
     0 | D:1      | night the Demonspawn Monk began the quest for the Orb.
     0 | D:1      | Reached XP level 1. HP: 18/18 MP: 1/1
   208 | D:1      | Gained mutation: A weak demonic guardian rushes to your
                  | aid. [demonic ancestry]
   208 | D:1      | Reached XP level 2. HP: 17/24 MP: 2/2
   489 | D:1      | Gained mutation: You are partially covered in sharp spines.
                  | [demonic ancestry]
   489 | D:1      | Reached XP level 3. HP: 20/29 MP: 3/3
  1259 | D:2      | Gained mutation: You have sharp fingernails. [demonic
                  | ancestry]
  1259 | D:2      | Reached XP level 4. HP: 36/37 MP: 4/4
  1283 | D:2      | You fall into a shaft and drop 2 floors!
  1296 | D:5      | Entered Level 5 of the Dungeon
  1360 | D:4      | Gained mutation: Your movements are slightly less
                  | encumbered by armour. (ER -2) [demonic ancestry]
  1360 | D:4      | Reached XP level 5. HP: 10/42 MP: 5/5
  1597 | D:4      | Noticed Duvessa
  1597 | D:4      | Noticed Dowan
  1597 | D:4      | Noticed an ogre
  1647 | D:5      | Noticed an orc warrior
  1694 | D:5      | HP: 2/42 [orc priest/nerve-wracking pain (13)]
  1695 | D:5      | Mangled by an orc warrior

Illustrated notes

Levels and vault maps discovered:
D:1:      lightli_arrival_boilingwater, layout_rooms
D:2:      layout_basic
D:4:      layout_cave_pools, minmay_temple_entry_wispy, item_on_display_a,
          uniq_duvessa, uniq_crazy_yiuf_cottage, uniq_sigmund
D:5:      layout_layer_cave, serial_shops, shop_statue, gup_sewer_entry_pipe,
          gammafunk_ghost_nasty_kobolds, nicolae_ossuary_entry_monument,
          saegor_snake_ambush

Skill      XL: |  1  2  3  4 |
---------------+-------------+-----
Unarmed Combat | 3 4 |  4.7
Fighting       | 4 |  4.2
Dodging        | |  2.6
Stealth        | |  1.7

Action                   |  1- 3 |  4- 6 || total
-------------------------+-------+-------++-------
Melee: Unarmed           |   147 |    28 ||   175
       Punch             |     1 |       ||     1
Throw: Dart              |       |     8 ||     8
  Use: Potion            |       |     2 ||     2
Armor: Robe              |    16 |       ||    16
       Scale mail        |    14 |     4 ||    18
Dodge: Dodged            |    92 |    11 ||   103
